 Dungeon Crawl Stone Soup version 0.29-a0-961-gfab03dca74 (webtiles) character file.

Game seed: 3450318182664657070

990 DungeonMaster the Trooper (level 7, -6/76 (84) HPs)
             Began as a Demonspawn Wanderer on July 30, 2022.
             Killed from afar by Maggie (18 damage)
             ... with a bolt of fire
             ... on level 6 of the Dungeon.
             The game lasted 00:08:55 (5075 turns).

DungeonMaster the Trooper (Demonspawn Wanderer)     Turns: 5075, Time: 00:08:56

HP:   -6/76 (84)    AC:  9    Str: 13    XL:     7   Next: 98%
MP:   7/7           EV: 12    Int: 11    God:
Gold: 276           SH:  0    Dex: 16    Spells: 6/6 levels left

rFire   . . .      SeeInvis .   a - +3 falchion
rCold   . . .      Faith    .   (no shield)
rNeg    + . .      Spirit   .   h - +0 ring mail
rPois   .          Reflect  .   (no helmet)
rElec   .          Harm     .   (no cloak)
rCorr   .          Rampage  .   c - +1 pair of gloves
Will    .....                   i - +0 pair of boots
Stlth   ..........              (no amulet)
HPRegen 0.22/turn               n - ring of positive energy
MPRegen 0.10/turn               p - ring of wizardry

@: berserking (expiring), drained, very quick
A: foul stench 1, powered by death 1, weakness stinger 1
a: no special abilities


You were on level 6 of the Dungeon.
You visited 1 branch of the dungeon, and saw 6 of its levels.

You collected 276 gold pieces.

Inventory:

Hand Weapons
 a - a +3 falchion (weapon)
Armour
 c - a +1 pair of gloves (worn)
 h - a +0 ring mail (worn)
 i - a +0 pair of boots (worn)
Magical Staves
 l - a staff of cold
Jewellery
 g - an amulet of faith
 n - a ring of positive energy (left hand)
 o - a ring of poison resistance
 p - a ring of wizardry (right hand)
 s - a +4 ring of evasion
 t - a +6 ring of intelligence
Wands
 r - a wand of flame (17) (quivered)
Scrolls
 d - a scroll of blinking
Potions
 b - a potion of curing
 e - a potion of flight {unknown}
 f - a potion of resistance {unknown}
 j - a potion of magic
 k - a potion of invisibility {unknown}
 m - 3 potions of haste


   Skills:
 * Level 5.6 Fighting
 - Level 2.6 Long Blades
 - Level 1.7 Axes
 * Level 5.1 Armour
 * Level 4.6 Dodging
 - Level 1.0 Stealth


You had 6 spell levels left.
You didn't know any spells.
Your spell library contained the following spells:

 Spells                   Type           Power      Damage    Failure   Level
 Freeze                   Ice            0%         1d3       26%         1
 Call Canine Familiar     Summ           0%         N/A       61%         3
 Frozen Ramparts          Ice            0%         1d2       61%         3
 Portal Projectile        Hex/Tloc       0%         N/A       61%         3
 Tukima's Dance           Hex            0%         N/A       61%         3
 Hailstorm                Conj/Ice       0%         3d3       93%         4
 Leda's Liquefaction      Hex/Erth       0%         N/A       93%         4
 Passage of Golubria      Tloc           0%         N/A       93%         4
 Yara's Violent Unravell  Hex/Tmut       0%         3d3       99%         5


Dungeon Overview and Level Annotations

Branches:
Dungeon (6/15)
 Temple: D:4-7

Altars:

Shops:
D:3 *

Annotations:
D:2 1 runed translucent door, Crazy Yiuf
D:3 Edmund
D:6 Maggie, Menkaure


Innate Abilities, Weirdness & Mutations

You may rarely emit foul miasma when damaged in melee.
You regenerate a little health from kills.
You have a small tail.


Message History

You barely miss Maggie.
Maggie is lightly wounded.
You hit Maggie. You tail-slap Maggie.
Maggie is moderately wounded.
Maggie casts a spell.
Menkaure, Prince of Dust comes into view.
Menkaure shouts!
You slash Maggie!
Your tail-slap misses Maggie.
Maggie is moderately wounded.
Maggie gestures wildly while chanting.
You barely miss Maggie. You punch Maggie.
Maggie is heavily wounded.
Maggie hits you with a +0 halberd of draining!
You partially resist.
You feel drained.
You hit Maggie. You tail-slap Maggie, but do no damage.
Maggie is heavily wounded.
You hit Maggie.
Maggie is heavily wounded.
The iguana barely misses you.
Maggie hits you with a +0 halberd of draining!
* * * LOW HITPOINT WARNING * * *
You partially resist.
You feel drained.
You hit Maggie.
Maggie is heavily wounded.
The iguana bites you.
* * * LOW HITPOINT WARNING * * *
Maggie barely misses you.
You slash Maggie!
Maggie is severely wounded.
You barely miss Maggie.
Maggie is severely wounded.
The iguana barely misses you.
Maggie casts a spell.
You hit Maggie.
Maggie is severely wounded.
You are no longer corroded.
The iguana closely misses you. Maggie gestures at you while chanting.
The bolt of fire hits you!!
You die...

#####.. .##.....##
.........##
..........#..#
.......<....#
.......M..###
..........# .
.........l#####....
....$....@@).......
.........######....
.##.....## .
#######


You could see Maggie, Menkaure and an iguana.

Vanquished Creatures
  A water moccasin (D:5)
  A sky beast (D:3)
  2 ogres
  A centaur (D:5)
  A necrophage (D:5)
  2 scorpions (D:5)
  2 howler monkeys
  2 hounds
  A jelly (D:6)
  An orc priest (D:3)
  Jessica (D:2)
  An orc wizard (D:3)
  4 adders
  4 dart slugs
  9 orcs
  6 endoplasms
  2 giant cockroaches
  6 goblins
  7 hobgoblins
  3 kobolds
  4 quokkas
  9 ball pythons
  4 bats
  A frilled lizard (D:1)
  8 rats
83 creatures vanquished.

Vanquished Creatures (collateral kills)
  A hobgoblin (D:4)
1 creature vanquished.

Grand Total: 84 creatures vanquished

Notes
Turn   | Place    | Note
-------+----------+-------------------------------------------
     0 | D:1      | DungeonMaster the Demonspawn Wanderer began the quest for
                  | the Orb.
     0 | D:1      | DungeonMaster set off with the following items: a +2
                  | falchion, a +0 hand axe, a +0 pair of gloves, a scroll of
                  | blinking, a +0 leather armour.
     0 | D:1      | Reached XP level 1. HP: 16/16 MP: 1/1
   289 | D:1      | Gained mutation: You regenerate a little health from kills.
                  | [demonic ancestry]
   289 | D:1      | Reached XP level 2. HP: 22/22 MP: 2/2
   377 | D:1      | Found a faded altar of an unknown god.
   397 | D:1      | Reached skill level 1 in Dodging
  1006 | D:2      | Gained mutation: You have a small tail. [demonic ancestry]
  1006 | D:2      | Reached XP level 3. HP: 21/28 MP: 3/3
  1484 | D:2      | Noticed Jessica
  1495 | D:2      | Killed Jessica
  1496 | D:2      | Gained mutation: You may rarely emit foul miasma when
                  | damaged in melee. [demonic ancestry]
  1496 | D:2      | Reached XP level 4. HP: 15/35 MP: 4/4
  1700 | D:2      | Found a runed translucent door.
  1701 | D:2      | Noticed Crazy Yiuf
  2210 | D:3      | Noticed a sky beast
  2235 | D:3      | Killed a sky beast
  2236 | D:3      | Reached XP level 5. HP: 28/41 MP: 5/5
  2331 | D:3      | Found Nofaoph's Assorted Antiques.
  3161 | D:4      | Reached XP level 6. HP: 37/48 MP: 6/6
  3435 | D:4      | Noticed Edmund
  3480 | D:3      | You fall into a shaft and drop 1 floor!
  4127 | D:5      | Entered Level 5 of the Dungeon
  4441 | D:5      | Noticed a water moccasin
  4448 | D:5      | Killed a water moccasin
  4449 | D:5      | Reached XP level 7. HP: 35/55 MP: 7/7
  4462 | D:5      | Reached skill level 5 in Fighting
  4660 | D:5      | Identified the +1 sling of the Crawling Thing {vorpal, rN+
                  | Will++}
  5046 | D:6      | Noticed Maggie
  5054 | D:6      | Reached skill level 5 in Armour
  5067 | D:6      | Noticed Menkaure
  5075 | D:6      | Killed from afar by Maggie

Illustrated notes

Levels and vault maps discovered:
D:1:      arrival_zaba_pyramid, layout_basic, ebering_ecumenical_altar_ruins
D:2:      layout_basic, uniq_jessica, uniq_crazy_yiuf_cottage
D:3:      layout_basic, serial_shops, nicolae_diamond_shop
D:4:      layout_loops_corners, fountainhead, hangedman_decor_diamond_cutter,
          uniq_edmund
D:5:      layout_loops_ring
D:6:      layout_rooms, makhleb_altar_promises_db,
          minmay_temple_entry_antechambers, uniq_maggie, uniq_menkaure,
          uniq_eustachio

Skill      XL: |  1  2  3  4  5  6  7 |
---------------+----------------------+-----
Armour         | 2 3 4 5 |  5.1
Dodging        | 1 2 3 4 |  4.6
Fighting       | 3 4 5 |  5.6
Long Blades    | |  2.6
Axes           | |  1.7
Stealth        | |  1.0

Action                   |  1- 3 |  4- 6 |  7- 9 || total
-------------------------+-------+-------+-------++-------
Melee: Falchion          |    94 |    97 |    47 ||   238
       Tailslap          |     4 |    12 |    13 ||    29
       Punch             |       |     1 |     1 ||     2
Evoke: Wand              |       |    10 |     2 ||    12
  Use: Scroll            |     2 |     9 |     2 ||    13
       Potion            |       |     2 |     3 ||     5
 Stab: Sleeping          |     1 |       |       ||     1
Armor: Leather armour    |     4 |       |       ||     4
       Ring mail         |    27 |    28 |    18 ||    73
Dodge: Dodged            |    56 |    57 |    26 ||   139

Table legend: (Time is in decaauts)
 A = Elapsed time spent in this place.
 B = Non-inter-level travel time spent in this place.
 C = Inter-level travel time spent in this place.
 D = Time resting spent in this place.
 E = Time spent auto-exploring this place.
 F = Levels seen in this place.
 G = Mean time per level.
                   A        B        C        D        E       F      G
               +--------+--------+--------+--------+--------+-----+--------+
         Total |   5127 |   5002 |    125 |    526 |   3720 |   6 |  854.5 |
       Dungeon |   5127 |   5002 |    125 |    526 |   3720 |   6 |  854.5 |
               +--------+--------+--------+--------+--------+-----+--------+

Top non-repeatable levels by time:
     D:2: 1271 daAuts
     D:4: 1173 daAuts
     D:5: 938 daAuts
     D:1: 889 daAuts
     D:3: 829 daAuts
     D:6: 26 daAuts
